[Event "Titled Tuesday Blitz February 28 Late 2023"]
[White "Mujumdar, Sameer"]
[Black "Floresvillar Gonzalez, Luis Migu"]
[WhiteFideId "2029707"]
[BlackFideId "5100542"]
[WhiteElo "2104"]
[BlackElo "2040"]
[Result "1-0"]
[Round "10"]
[TimeControl "180+2"]
[Date "2023.02.28"]
[WhiteClock "0:00:07"]
[BlackClock "0:00:15"]

1. Nc3 e6 2. e4 c5 3. Nf3 Nc6 4. Bb5 a6 5. Bxc6 bxc6 6. d3 d5 7. O-O Be7 8. b3 Bf6 9. Bb2 Bxc3 10. Bxc3 d4 11. Bb2 Nf6 12. Qd2 a5 13. Ba3 Qe7 14. c3 Qa7 15. Rac1 O-O 16. cxd4 Rd8 17. Bxc5 Qc7 18. Rc2 Ba6 19. Rfc1 a4 20. b4 Bb5 21. a3 Ng4 22. h3 Nf6 23. e5 Nd5 24. Ng5 h6 25. Ne4 Rd7 26. Bd6 Qd8 27. Nc5 Rda7 28. Ne4 Qh4 29. Rxc6 Bxc6 30. Rxc6 f5 31. exf6 Nxf6 32. Qc2 Nxe4 33. dxe4 Rf7 34. Be5 Raf8 35. Bg3 Qf6 36. Qd3 Rd7 37. d5 exd5 38. exd5 Qa1+ 39. Kh2 Qa2 40. d6 Qb3 41. Rc3 Qe6 42. Qb5 Rfd8 43. Rc7 Rxd6 44. Bxd6 Qxd6+ 45. g3 Rf8 46. Rc2 Qd1 47. Qc4+ Kh8 48. Qe2 Qa1 49. Qe3 Qf1 50. Re2 Qa1 51. b5 Qb1 52. b6 Qb3 53. Qxb3 axb3 54. Rb2 Rf3 55. b7 Rf8 56. Rxb3 Rb8 57. a4 Kg8 58. a5 Kf7 59. a6 Ke7 60. a7 Rd8 61. a8=Q 1-0


[Site "https://www.chess.com"]

[Event "Titled Tuesday Blitz February 28 Late 2023"]
[White "Przybylski, Wojciech"]
[Black "Clawitter, Craig"]
[WhiteFideId "1117599"]
[BlackFideId "2023105"]
[WhiteElo "2222"]
[BlackElo "2276"]
[Result "1-0"]
[Round "10"]
[TimeControl "180+2"]
[Date "2023.02.28"]
[WhiteClock "0:02:12"]
[BlackClock "0:00:06"]

1. e4 e6 2. d4 d5 3. Nc3 Bb4 4. e5 c5 5. a3 Bxc3+ 6. bxc3 Ne7 7. h4 Qa5 8. Bd2 Nbc6 9. h5 Bd7 10. Rh4 O-O-O 11. c4 Qc7 12. c3 h6 13. Nf3 Kb8 14. Rb1 Ka8 15. Qb3 Bc8 16. cxd5 Nxd5 17. c4 Nde7 18. Bd3 cxd4 19. Be4 Nf5 20. Rg4 Nxe5 21. Nxe5 Qxe5 22. Kf1 Qc7 23. Ba5 Qxa5 24. Bxb7+ Kb8 25. Bxc8+ Kxc8 26. Qb7# 1-0


[Site "https://www.chess.com"]

[Event "Titled Tuesday Blitz February 28 Late 2023"]
[White "Dahlgren, James Allen"]
[Black "Seletsky, Grigory"]
[WhiteFideId "22256873"]
[BlackFideId "14112191"]
[WhiteElo "2214"]
[BlackElo "2490"]
[Result "0-1"]
[Round "10"]
[TimeControl "180+2"]
[Date "2023.02.28"]
[WhiteClock "0:00:03"]
[BlackClock "0:00:26"]

1. e3 d5 2. c4 c6 3. Nc3 Nf6 4. d4 a6 5. Nf3 b5 6. cxd5 cxd5 7. Bd3 Bg4 8. Qb3 e6 9. a4 Bxf3 10. gxf3 b4 11. Ne2 a5 12. Bb5+ Nbd7 13. Bd2 Be7 14. Rg1 O-O 15. O-O-O Nb6 16. Kb1 Rc8 17. Rc1 Qd6 18. Nf4 g6 19. Nd3 Qxh2 20. f4 Qh3 21. Rg3 Qf5 22. Ka2 Ne4 23. Rxc8 Rxc8 24. Be1 Nd6 25. Ne5 Ndc4 26. f3 Nxe5 27. fxe5 Qc2 28. Qxc2 Rxc2 29. Kb3 Rc7 30. Rg2 h5 31. Rc2 Rxc2 32. Kxc2 f6 33. Bh4 Kf7 34. exf6 Bxf6 35. Bg3 Bd8 36. b3 Nc8 37. Bf1 Ne7 38. Bh3 Nf5 39. Bf4 Ke7 40. Bg5+ Kd7 41. Bxd8 Kxd8 42. Kd3 Ke7 43. e4 Nd6 44. e5 Nf7 45. Ke3 g5 46. Bg2 Nh6 47. f4 Nf5+ 48. Kd3 g4 49. Bf1 h4 50. Be2 Nh6 51. Ke3 Kf7 52. Kf2 Kg6 53. Kg2 Kf5 0-1


[Site "https://www.chess.com"]

[Event "Titled Tuesday Blitz February 28 Late 2023"]
[White "Dorato, Adriano"]
[Black "Sreyas Payyappat"]
[WhiteFideId "2802894"]
[BlackFideId "46674969"]
[WhiteElo "1709"]
[BlackElo "2083"]
[Result "0-1"]
[Round "10"]
[TimeControl "180+2"]
[Date "2023.02.28"]
[WhiteClock "0:00:06"]
[BlackClock "0:00:50"]

1. d4 Nf6 2. Nf3 c5 3. e3 e6 4. Bd3 Nc6 5. c3 b6 6. Nbd2 Bb7 7. e4 d5 8. e5 Nd7 9. O-O g6 10. Qe2 Bg7 11. Rd1 O-O 12. Nf1 Qc7 13. Bf4 Rae8 14. Qd2 Qd8 15. Bh6 f6 16. Bxg7 Kxg7 17. exf6+ Qxf6 18. Bb5 a6 19. Bxc6 Bxc6 20. Ng3 e5 21. dxe5 Nxe5 22. Nxe5 Rxe5 23. Re1 Rfe8 24. Rxe5 Qxe5 25. h3 d4 26. cxd4 cxd4 27. Rd1 Rd8 28. Re1 Qf6 29. Ne4 Bxe4 30. Rxe4 d3 31. Re3 Qd4 32. Kf1 Kg8 33. Ke1 Qc4 34. a3 Qc2 35. f3 Kf7 36. g4 g5 37. Qb4 d2+ 0-1


[Site "https://www.chess.com"]

[Event "Titled Tuesday Blitz February 28 Late 2023"]
[White "Matsuura, Frederico"]
[Black "Gubajdullin, Alexei"]
[WhiteFideId "2107848"]
[BlackFideId "4141202"]
[WhiteElo "2302"]
[BlackElo "2285"]
[Result "1-0"]
[Round "10"]
[TimeControl "180+2"]
[Date "2023.02.28"]
[WhiteClock "0:01:14"]
[BlackClock "0:02:18"]

1. d4 Nf6 2. Bg5 g6 3. Bxf6 exf6 4. e3 f5 5. g3 Bg7 6. Bg2 O-O 7. Ne2 d6 8. O-O Nd7 9. c4 Nf6 10. Nbc3 Re8 11. Qc2 c6 12. b4 Qe7 13. b5 Ne4 14. Rab1 Bd7 15. bxc6 bxc6 16. Rb7 Nxc3 17. Nxc3 Qd8 18. Rfb1 g5 19. Qa4 f4 20. Rxd7 Qxd7 21. Bxc6 Qf5 22. Bxa8 fxe3 23. Qxe8+ Bf8 24. Qxe3 h5 25. Be4 Qf6 26. Nd5 Qd8 27. Qf3 g4 28. Nf6+ Kh8 29. Qf5 Kg7 30. Nxh5+ Kh6 31. Qxf7 1-0


[Site "https://www.chess.com"]

[Event "Titled Tuesday Blitz February 28 Late 2023"]
[White "Erzhanov, Arman"]
[Black "Kovacs, Klara"]
[WhiteFideId "4138821"]
[BlackFideId "733210"]
[WhiteElo "2138"]
[BlackElo "2179"]
[Result "1-0"]
[Round "10"]
[TimeControl "180+2"]
[Date "2023.02.28"]
[WhiteClock "0:03:00"]
[BlackClock "0:02:56"]

1. e4 e6 2. b3 d5 3. Bb2 dxe4 4. Nc3 Nf6 5. Qe2 Nc6 6. O-O-O Be7 7. Nxe4 Nxe4 8. Qxe4 Bf6 9. d4 O-O 10. Nf3 Ne7 11. Bd3 c5 12. Qxh7# 1-0


[Site "https://www.chess.com"]

[Event "Titled Tuesday Blitz February 28 Late 2023"]
[White "Sanchez Alvares, Kelvin Antonio"]
[Black "mohsengabr2002"]
[WhiteFideId "3906680"]
[WhiteElo "2217"]
[BlackElo "2323"]
[Result "1-0"]
[Round "10"]
[TimeControl "180+2"]
[Date "2023.02.28"]
[WhiteClock "0:02:50"]
[BlackClock "0:02:42"]

1. e4 c5 2. Nf3 d6 3. d4 cxd4 4. Nxd4 a6 5. c4 Nc6 6. Nc3 Nxd4 7. Qxd4 Nf6 8. f3 g6 9. Be3 Bg7 10. Qd2 O-O 11. Rc1 Be6 12. Be2 Rc8 13. b3 Qa5 14. Nd5 Bxd5 15. Qxa5 1-0


[Site "https://www.chess.com"]

[Event "Titled Tuesday Blitz February 28 Late 2023"]
[White "Awoki, Daniel Teidi"]
[Black "Pino Perez, Lazaro"]
[WhiteFideId "2100827"]
[BlackFideId "3517055"]
[WhiteElo "2083"]
[BlackElo "2170"]
[Result "0-1"]
[Round "10"]
[TimeControl "180+2"]
[Date "2023.02.28"]
[WhiteClock "0:00:08"]
[BlackClock "0:00:14"]

1. e4 c5 2. Nf3 g6 3. d4 cxd4 4. Nxd4 Nc6 5. c4 Nf6 6. Nc3 d6 7. Be2 Nxd4 8. Qxd4 Bg7 9. Qe3 O-O 10. O-O Qa5 11. Bd2 Bd7 12. h3 Rfc8 13. Rac1 Qb6 14. Qxb6 axb6 15. b3 Bc6 16. f3 Nd7 17. a4 Nc5 18. Rb1 e6 19. Rfd1 f5 20. exf5 gxf5 21. Be1 Be5 22. Na2 Nxb3 23. Rxb3 Bxa4 24. Nc1 Bxb3 25. Nxb3 Ra3 26. Nd4 Ra1 27. Nxe6 Rxd1 28. Bxd1 Kf7 29. Ng5+ Kf6 30. Bh4 Rxc4 31. f4 Rc1 32. fxe5+ Kxe5 33. Nf3+ Kd5 34. Bf2 Rxd1+ 35. Kh2 b5 36. Ng5 b4 37. Nxh7 b3 38. Nf6+ Ke6 39. Ne8 b2 40. Nc7+ Kd7 0-1


[Site "https://www.chess.com"]

[Event "Titled Tuesday Blitz February 28 Late 2023"]
[White "Sarkar, Justin"]
[Black "Zampronha, Wladimir Camilo"]
[WhiteFideId "2010011"]
[BlackFideId "2103087"]
[WhiteElo "2189"]
[BlackElo "2176"]
[Result "1-0"]
[Round "10"]
[TimeControl "180+2"]
[Date "2023.02.28"]
[WhiteClock "0:00:04"]
[BlackClock "0:00:02"]

1. e4 c5 2. Nf3 e6 3. d4 cxd4 4. Nxd4 Nc6 5. Nc3 Qc7 6. Be3 a6 7. f4 b5 8. Nxc6 Qxc6 9. Bd3 Bb7 10. O-O Nf6 11. Qe2 Bc5 12. Bxc5 Qxc5+ 13. Kh1 b4 14. Na4 Qc6 15. e5 Qxa4 16. exf6 gxf6 17. a3 O-O 18. Qh5 f5 19. axb4 Qxb4 20. Bxf5 exf5 21. Qg5+ Kh8 22. Qf6+ Kg8 23. Qg5+ Kh8 24. Qf6+ Kg8 25. Ra3 Qxa3 26. Qg5+ Kh8 27. Qf6+ Kg8 28. bxa3 Be4 29. Re1 Rab8 30. h3 Rb2 31. Re3 Rfb8 32. Rg3+ Kf8 33. Qh8+ Ke7 34. Qe5+ Kf8 35. Qd6+ Ke8 36. Rg8# 1-0


[Site "https://www.chess.com"]

[Event "Titled Tuesday Blitz February 28 Late 2023"]
[White "Carrasco Miranda, Andres"]
[Black "Fajdetic, Hrvoje"]
[WhiteFideId "3405990"]
[BlackFideId "14501945"]
[WhiteElo "2183"]
[BlackElo "2185"]
[Result "0-1"]
[Round "10"]
[TimeControl "180+2"]
[Date "2023.02.28"]
[WhiteClock "0:00:04"]
[BlackClock "0:00:06"]

1. d4 Nf6 2. c4 e5 3. dxe5 Ng4 4. Nf3 Bc5 5. e3 Nc6 6. Nc3 Ngxe5 7. Nxe5 Nxe5 8. Be2 O-O 9. O-O a5 10. f4 Ng6 11. f5 Ne5 12. f6 g6 13. Kh1 Ra6 14. Nd5 Re6 15. e4 c6 16. Bg5 cxd5 17. cxd5 Rb6 18. Qe1 Re8 19. Qh4 Bf8 20. b3 h6 21. Be3 g5 22. Qf2 Rb4 23. h4 Rxe4 24. Bb6 Rxe2 25. Qd4 Re4 26. Qxe4 Qxb6 27. hxg5 hxg5 28. Rf5 Ng6 29. Qxe8 Qd4 30. Raf1 Qh4+ 31. Kg1 Qd4+ 32. R1f2 Qc3 33. d6 b5 34. Re2 Ba6 35. Rfe5 Nxe5 36. Qxe5 Qc1+ 37. Kh2 Qd1 38. Qxg5+ Kh7 39. Qh5+ Kg8 40. Qg4+ Kh7 41. Qh3+ Kg8 42. Re4 Bxd6+ 43. g3 Qd2+ 0-1


[Site "https://www.chess.com"]

[Event "Titled Tuesday Blitz February 28 Late 2023"]
[White "Huang, Alex"]
[Black "Figorito, Nick"]
[WhiteFideId "4302508"]
[BlackFideId "30923689"]
[WhiteElo "2029"]
[BlackElo "2368"]
[Result "0-1"]
[Round "10"]
[TimeControl "180+2"]
[Date "2023.02.28"]
[WhiteClock "0:00:09"]
[BlackClock "0:00:44"]

1. d4 Nf6 2. Nf3 g6 3. Bf4 Bg7 4. c3 O-O 5. Nbd2 d5 6. e3 a5 7. h3 a4 8. a3 c6 9. Be2 Be6 10. O-O b5 11. Re1 Bf5 12. Nh4 Be6 13. Bd3 Nbd7 14. e4 dxe4 15. Nxe4 Nxe4 16. Bxe4 Bd5 17. Bxd5 cxd5 18. Qd3 e6 19. Nf3 Qb6 20. h4 h5 21. Bg5 Qc6 22. Re3 Qc4 23. Qd1 Rfe8 24. Qe1 Qb3 25. Qd2 Nb6 26. Re2 Nd7 27. Rae1 Qc4 28. Qf4 Rac8 29. Qd6 Qc7 30. Qxc7 Rxc7 31. Bf4 Rcc8 32. Bd6 Nb6 33. Bc5 Nc4 34. Rc2 e5 35. dxe5 Rxc5 36. e6 Rxe6 37. Rd1 Rd6 38. g3 Rc8 39. Kg2 Rcd8 40. Nd4 Bxd4 41. Rxd4 Re6 42. Kf1 Re4 43. Rd1 Kg7 44. Kg2 Kf6 45. Kf3 Ke6 46. Rd3 Ne5+ 0-1


[Site "https://www.chess.com"]

[Event "Titled Tuesday Blitz February 28 Late 2023"]
[White "Estrada Nieto, Julian"]
[Black "Sailer, Mike"]
[WhiteFideId "5101018"]
[BlackFideId "2012901"]
[WhiteElo "2176"]
[BlackElo "2109"]
[Result "1-0"]
[Round "10"]
[TimeControl "180+2"]
[Date "2023.02.28"]
[WhiteClock "0:01:04"]
[BlackClock "0:00:08"]

1. e4 d5 2. exd5 Qxd5 3. Nc3 Qd6 4. d4 Nf6 5. Nf3 c6 6. g3 Bf5 7. Bf4 Qb4 8. Qd2 e6 9. Bg2 Nbd7 10. O-O Be7 11. Nh4 Bg4 12. h3 Bh5 13. g4 Bg6 14. Nxg6 hxg6 15. a3 Qa5 16. b4 Qd8 17. b5 Nd5 18. bxc6 bxc6 19. Bg3 Qa5 20. Ne4 Qxd2 21. Nxd2 N7b6 22. c4 Nc3 23. Bxc6+ Kf8 24. c5 Ne2+ 25. Kg2 Nxd4 26. Bxa8 Nxa8 27. Rfc1 Nc6 28. Rab1 Ke8 29. Ne4 f5 30. Nd6+ Bxd6 31. cxd6 Nd8 32. Rb8 Nb6 33. Rc7 Nd7 34. Ra8 e5 35. Bxe5 Nxe5 36. Re7+ Kf8 37. Rxd8# 1-0


[Site "https://www.chess.com"]

[Event "Titled Tuesday Blitz February 28 Late 2023"]
[White "Torres Dominguez, David"]
[Black "Lucassen, Mickey"]
[WhiteFideId "2220857"]
[BlackFideId "12919110"]
[WhiteElo "1999"]
[BlackElo "2355"]
[Result "0-1"]
[Round "10"]
[TimeControl "180+2"]
[Date "2023.02.28"]
[WhiteClock "0:00:01"]
[BlackClock "0:01:45"]

1. e4 Nc6 2. Nc3 d6 3. Bb5 Bd7 4. d3 a6 5. Ba4 b5 6. Bb3 Nd4 7. Nf3 Nxb3 8. axb3 Nf6 9. O-O e6 10. Bf4 Be7 11. e5 dxe5 12. Nxe5 O-O 13. Nxd7 Qxd7 14. Qf3 c5 15. Rad1 Rfd8 16. Rfe1 Rac8 17. h3 Qc6 18. Qxc6 Rxc6 19. Ne4 Nd5 20. Bc1 Nb4 21. Re2 c4 22. bxc4 bxc4 23. d4 Nd5 0-1


[Site "https://www.chess.com"]

[Event "Titled Tuesday Blitz February 28 Late 2023"]
[White "Mikhalsky, Vladimir"]
[Black "Comas Fabrego, Lluis"]
[WhiteFideId "14144352"]
[BlackFideId "2200325"]
[WhiteElo "2272"]
[BlackElo "2523"]
[Result "1-0"]
[Round "10"]
[TimeControl "180+2"]
[Date "2023.02.28"]
[WhiteClock "0:01:07"]
[BlackClock "0:00:12"]

1. d4 Nf6 2. Nc3 d5 3. Bg5 Nbd7 4. Qd2 c5 5. O-O-O cxd4 6. Qxd4 e6 7. e4 Be7 8. exd5 Nxd5 9. Bxe7 Qxe7 10. Nxd5 exd5 11. Qxg7 Qf6 12. Qg3 Nb6 13. Bb5+ Kf8 14. Nf3 Rg8 15. Qc7 Rxg2 16. Ne5 Qxf2 17. Rhf1 Qe3+ 18. Kb1 Be6 19. Nxf7 Kg8 20. Nd8 Rc8 21. Qe7 Rxd8 22. Qxd8+ Kg7 23. Qf6+ 1-0


[Site "https://www.chess.com"]

[Event "Titled Tuesday Blitz February 28 Late 2023"]
[White "Vaglio Munoz, Jaime"]
[Black "Leonte, Sebastian-Marian"]
[WhiteFideId "6500145"]
[BlackFideId "1268767"]
[WhiteElo "2199"]
[BlackElo "2265"]
[Result "0-1"]
[Round "10"]
[TimeControl "180+2"]
[Date "2023.02.28"]
[WhiteClock "0:00:15"]
[BlackClock "0:00:15"]

1. e4 e5 2. f4 exf4 3. d4 Qh4+ 4. Ke2 d5 5. Nf3 Qd8 6. exd5 Nf6 7. c4 b5 8. Bxf4 bxc4 9. Kf2 Nxd5 10. Be5 Nd7 11. Bxc4 N5b6 12. Bb3 Nxe5 13. Nxe5 Qf6+ 14. Kg1 Be6 15. Ba4+ Nd7 16. Nc3 Bd6 17. Ne4 Qf4 18. Nxd7 Bxd7 19. Bxd7+ Kxd7 20. Qa4+ c6 21. d5 Rhc8 22. dxc6+ Ke7 23. Re1 Kf8 24. g3 Qe5 25. Kg2 Qxb2+ 26. Nf2 Bc5 27. Rhf1 Re8 28. Rb1 Qd2 29. c7 Kg8 30. Qf4 Qxf4 31. gxf4 Rac8 32. Rb7 Bb6 33. Rc1 Re7 34. Ne4 Kf8 35. Nd6 Rexc7 36. Rcxc7 Rxc7 37. Rb8+ Ke7 38. Nf5+ Kf6 39. Ng3 Rc2+ 40. Kf3 Rxa2 41. Ne4+ Kg6 42. h4 Ra3+ 43. Kg2 Kf5 44. Ng3+ Kg4 45. Ne2 Ra2 46. Kf1 Ra1+ 47. Kg2 Ra2 48. Kf1 Kxh4 49. Re8 Kg4 50. Re4 Kf3 51. Rc4 Ra1+ 52. Nc1 Be3 53. Ke1 Rxc1+ 54. Rxc1 Bxc1 55. f5 Bg5 56. f6 Bxf6 57. Kd2 a5 58. Kd3 a4 59. Kc4 a3 60. Kb3 a2 61. Kxa2 h5 62. Kb3 h4 63. Kc2 h3 64. Kd1 h2 65. Ke1 h1=Q+ 66. Kd2 Qg2+ 67. Kd3 Qe2# 0-1


[Site "https://www.chess.com"]

[Event "Titled Tuesday Blitz February 28 Late 2023"]
[White "Gerbelli Neto, Eduardo"]
[Black "De Souza, Cristiano Gomes"]
[WhiteFideId "2103281"]
[BlackFideId "2151758"]
[WhiteElo "2178"]
[BlackElo "2068"]
[Result "0-1"]
[Round "10"]
[TimeControl "180+2"]
[Date "2023.02.28"]
[WhiteClock "0:00:34"]
[BlackClock "0:01:31"]

1. e4 c5 2. Nc3 d6 3. f4 a6 4. Nf3 Bg4 5. g3 Nc6 6. d3 g6 7. h3 Bxf3 8. Qxf3 Nd4 9. Qf2 Bg7 10. Bg2 e6 11. O-O Ne7 12. Nd1 O-O 13. c3 Ndc6 14. Ne3 f5 15. exf5 gxf5 16. g4 fxg4 17. hxg4 Ng6 18. Qg3 Kh8 19. Be4 Qh4 20. Qxh4 Nxh4 21. Bxc6 bxc6 22. Nc4 d5 23. Ne5 Bxe5 24. fxe5 Nf3+ 25. Kg2 Nxe5 26. Bh6 Rg8 27. g5 Ng4 28. Kh3 Nxh6 29. gxh6 Rg6 30. Rf7 Rag8 0-1


[Site "https://www.chess.com"]

[Event "Titled Tuesday Blitz February 28 Late 2023"]
[White "Gatterer, Florian"]
[Black "Simonovic, Miroslav"]
[WhiteFideId "811688"]
[BlackFideId "919152"]
[WhiteElo "2221"]
[BlackElo "2057"]
[Result "1/2-1/2"]
[Round "10"]
[TimeControl "180+2"]
[Date "2023.02.28"]
[WhiteClock "0:02:15"]
[BlackClock "0:02:54"]

1. e4 c5 2. d4 cxd4 3. c3 dxc3 4. Nxc3 Nc6 5. Bc4 d6 6. Nf3 e6 7. O-O Be7 8. Qe2 Nf6 9. Rd1 Qa5 10. Bf4 O-O 11. Bxd6 Bxd6 12. Rxd6 Ne5 13. Nxe5 Qxe5 14. Rd2 a6 15. a4 Bd7 16. Rad1 Bc6 17. f3 Rac8 18. Bb3 1/2-1/2


[Site "https://www.chess.com"]

[Event "Titled Tuesday Blitz February 28 Late 2023"]
[White "Romero Ruscalleda, Josep"]
[Black "Chabris, Christopher"]
[WhiteFideId "2231859"]
[BlackFideId "2005263"]
[WhiteElo "2183"]
[BlackElo "2239"]
[Result "1-0"]
[Round "10"]
[TimeControl "180+2"]
[Date "2023.02.28"]
[WhiteClock "0:00:03"]
[BlackClock "0:00:02"]

1. e4 c5 2. c3 d5 3. exd5 Qxd5 4. d4 Nc6 5. Nf3 Bg4 6. Be2 cxd4 7. cxd4 e6 8. Nc3 Bb4 9. O-O Bxc3 10. bxc3 Nge7 11. h3 Bh5 12. Rb1 Qd7 13. Bf4 Nd5 14. Bd2 O-O 15. Ne5 Nxe5 16. Bxh5 Nc4 17. Be2 Rac8 18. Be1 b6 19. Bd3 g6 20. h4 Qe7 21. g3 Rc7 22. Qe2 Rfc8 23. h5 Qg5 24. hxg6 hxg6 25. Rb5 a6 26. Rb3 b5 27. f4 Qf6 28. Bf2 Nd6 29. a4 Nxc3 30. Qe5 Qe7 31. axb5 axb5 32. Kg2 f6 33. Qe1 Kg7 34. Rh1 Nd5 35. Be4 Nxe4 36. Qxe4 Rc2 37. Rxb5 Rd2 38. Rxd5 Rcc2 39. Rf1 Qb7 40. Re5 Qb2 41. Qe3 fxe5 42. Qxe5+ Kf7 43. Qe3 Re2 44. Qf3 Qa2 45. d5 1-0


[Site "https://www.chess.com"]

[Event "Titled Tuesday Blitz February 28 Late 2023"]
[White "Quirke, Jeffrey"]
[Black "Jenkins, Drake"]
[WhiteFideId "2013029"]
[BlackFideId "2022397"]
[WhiteElo "2210"]
[BlackElo "2300"]
[Result "0-1"]
[Round "10"]
[TimeControl "180+2"]
[Date "2023.02.28"]
[WhiteClock "0:00:09"]
[BlackClock "0:00:11"]

1. e4 c5 2. Nc3 g6 3. f4 Bg7 4. Nf3 Nc6 5. a4 e6 6. e5 d6 7. Bb5 Ne7 8. Ne4 dxe5 9. fxe5 O-O 10. d4 Nxd4 11. Nxd4 Qxd4 12. Qxd4 cxd4 13. Bf4 a6 14. Bc4 Nc6 15. Nd6 Bxe5 16. O-O Bg7 17. Ne4 h6 18. Bd6 Rd8 19. Bc5 Bd7 20. b4 Ne5 21. Bb3 Bc6 22. Nf6+ Bxf6 23. Rxf6 d3 24. cxd3 Rxd3 25. Bc2 Rd2 26. Bb3 Rxg2+ 27. Kf1 Ng4 28. Rf4 Nxh2+ 29. Ke1 Nf3+ 30. Kd1 Rd8+ 31. Kc1 Ne5 32. Bc2 Nd3+ 33. Bxd3 Rxd3 34. b5 Rc3+ 0-1


[Site "https://www.chess.com"]

[Event "Titled Tuesday Blitz February 28 Late 2023"]
[White "olga-belka"]
[Black "Senft, Sean"]
[BlackFideId "2044960"]
[WhiteElo "2207"]
[BlackElo "1989"]
[Result "1-0"]
[Round "10"]
[TimeControl "180+2"]
[Date "2023.02.28"]
[WhiteClock "0:00:49"]
[BlackClock "0:00:02"]

1. e4 e5 2. Nf3 Nc6 3. d4 exd4 4. Nxd4 d6 5. Nc3 Nf6 6. Bb5 Bd7 7. O-O Be7 8. Re1 O-O 9. Bxc6 bxc6 10. h3 Rb8 11. b3 Re8 12. Bb2 Bf8 13. Qd2 c5 14. Nf3 Bc6 15. Nd5 Nxe4 16. Qd3 Bxd5 17. Qxd5 Nf6 18. Qd3 Rxe1+ 19. Rxe1 d5 20. Bxf6 Qxf6 21. Qxd5 Bd6 22. c4 Qb2 23. Ng5 Rf8 24. Qd3 g6 25. Ne4 Rd8 26. Qf3 Kg7 27. Ng5 Qf6 28. Qxf6+ Kxf6 29. Nxh7+ Kf5 30. g4+ Kf4 31. Nf6 c6 32. Kg2 Be5 33. Ne4 Bd4 34. Ng3 f5 35. gxf5 gxf5 36. Re6 Be5 37. Ne2+ 1-0


[Site "https://www.chess.com"]

[Event "Titled Tuesday Blitz February 28 Late 2023"]
[White "Kaufman, Raymond"]
[Black "Chemin, Justo Reinaldo"]
[WhiteFideId "2015056"]
[BlackFideId "2101580"]
[WhiteElo "2321"]
[BlackElo "1940"]
[Result "1/2-1/2"]
[Round "10"]
[TimeControl "180+2"]
[Date "2023.02.28"]
[WhiteClock "0:00:04"]
[BlackClock "0:00:05"]

1. c4 e6 2. g3 d5 3. Bg2 Nf6 4. Nf3 c6 5. O-O dxc4 6. Qc2 b5 7. a4 Bb7 8. Rd1 a6 9. d3 cxd3 10. Rxd3 Nbd7 11. Ne5 Nd5 12. axb5 cxb5 13. Nxd7 Nb4 14. Bxb7 Nxc2 15. Nxf8 Kxf8 16. Rxd8+ Rxd8 17. Rxa6 Rd1+ 18. Kg2 Rxc1 19. Ra8+ Ke7 20. Rxh8 Rxb1 21. Be4 Rxb2 22. Rxh7 Ne1+ 23. Kf1 Nc2 24. Bxc2 Rxc2 25. Rxg7 b4 26. Rg4 b3 27. Rb4 b2 28. Kg2 Rxe2 29. h4 f5 30. h5 Kf6 31. Kf3 Rc2 32. Rb6 Kg5 33. h6 Kxh6 34. Rxe6+ Kg7 35. Rb6 Kf7 36. Kg2 Ke7 37. Kf3 Kd7 38. Kg2 Kc7 39. Rb3 Kc6 40. Rb8 Kc5 41. Rc8+ Kd4 42. Rxc2 b1=Q 43. Re2 Qb7+ 44. Kg1 Qf3 45. Re3 Qd1+ 46. Kg2 Qg4 47. Kh2 Qh5+ 48. Kg2 Qg5 49. Kh2 f4 50. gxf4 Qxf4+ 51. Kg2 Qg5+ 52. Kf1 Qb5+ 53. Kg2 Qd5+ 54. Kg1 Qg5+ 55. Kf1 Qh5 56. Kg2 Qg5+ 57. Kf1 1/2-1/2


[Site "https://www.chess.com"]

[Event "Titled Tuesday Blitz February 28 Late 2023"]
[White "Vanek, Tomas"]
[Black "Escalante Ramirez, Rafael"]
[WhiteFideId "313459"]
[BlackFideId "3900177"]
[WhiteElo "2052"]
[BlackElo "2281"]
[Result "0-1"]
[Round "10"]
[TimeControl "180+2"]
[Date "2023.02.28"]
[WhiteClock "0:00:19"]
[BlackClock "0:00:20"]

1. d4 Nf6 2. c4 e6 3. Nf3 Bb4+ 4. Nbd2 b6 5. a3 Bxd2+ 6. Bxd2 Bb7 7. Bg5 d6 8. e3 Nbd7 9. Bd3 h6 10. Bxf6 Qxf6 11. Qc2 O-O 12. h4 c5 13. Ng5 Rfe8 14. Nxf7 Kxf7 15. h5 Ke7 16. O-O-O cxd4 17. exd4 Rac8 18. Bg6 Rf8 19. f3 Kd8 20. Kb1 Kc7 21. Qa4 Qe7 22. c5 dxc5 23. Rd3 Kb8 24. Rc1 cxd4 25. Rxd4 Rxc1+ 26. Kxc1 Rc8+ 27. Kb1 Nc5 28. Qd1 Qf6 29. Qe1 Qxd4 30. Qxe6 Nxe6 0-1


[Site "https://www.chess.com"]

[Event "Titled Tuesday Blitz February 28 Late 2023"]
[White "Bongo Akanga Ndjila, Barthelemy"]
[Black "Fernandez Garcia, Gumersindo"]
[WhiteFideId "10609431"]
[BlackFideId "24516740"]
[WhiteElo "1768"]
[BlackElo "2093"]
[Result "0-1"]
[Round "10"]
[TimeControl "180+2"]
[Date "2023.02.28"]
[WhiteClock "0:00:02"]
[BlackClock "0:00:20"]

1. d4 Nf6 2. c4 e6 3. Nf3 d5 4. cxd5 exd5 5. Nc3 c6 6. Bg5 Be7 7. Qc2 O-O 8. e3 Nbd7 9. Bd3 h6 10. Bh4 Re8 11. O-O a5 12. Ne2 Nf8 13. Bg3 Bg4 14. Ne5 Bxe2 15. Qxe2 N6d7 16. f4 f6 17. Ng6 Bb4 18. a3 Bd6 19. Qg4 Rxe3 20. Rad1 Nxg6 21. Qxg6 Nf8 22. Qf5 Qe7 23. Bf2 Re6 24. Rde1 Re8 25. Rxe6 Qxe6 26. Re1 Qxf5 27. Bxf5 Rxe1+ 28. Bxe1 Bxf4 29. Bc8 Be3+ 30. Bf2 Bxf2+ 31. Kxf2 b6 32. Bb7 Ne6 33. Bxc6 Nxd4 34. Bxd5+ Kf8 35. Ke3 Nf5+ 36. Kf4 Nd6 37. Bf3 Ke7 38. Be2 Ke6 39. Bd3 g5+ 40. Kg4 Kf7 41. Kh5 Kg7 42. Kg4 Nf7 43. Kf5 Ne5 44. Be2 Kf7 45. Ke4 Ke6 46. g4 Ng6 47. Bc4+ Ke7 48. Kf5 Nf4 49. Ke4 h5 50. gxh5 Nxh5 51. Kf5 Nf4 52. Ke4 Ne6 53. Kf5 Nc5 54. Be2 Na4 55. b3 Nc3 56. Bd3 Nd5 57. Ke4 Nf4 58. Bf1 Ng6 59. Kd4 f5 60. Kc4 Kd6 61. Kb5 Kc7 62. Bd3 Ne7 63. Kc4 g4 64. Kd4 Kd6 65. Kc4 Ke5 66. Kb5 Nc8 67. Kc6 f4 68. Ba6 a4 69. bxa4 Nd6 70. Kxb6 Kd4 71. Kc6 Nc4 72. Bb7 Na5+ 73. Kb6 Nxb7 74. Kxb7 f3 75. a5 f2 76. a6 f1=Q 77. a7 Qf3+ 78. Kb8 Qf8+ 79. Kb7 Qe7+ 80. Kb8 Qd8+ 81. Kb7 Qd7+ 82. Kb8 Qb5+ 0-1


[Site "https://www.chess.com"]

[Event "Titled Tuesday Blitz February 28 Late 2023"]
[White "Guimaraes, Wagner Peixoto"]
[Black "Sabar, Ethmane Daouda"]
[WhiteFideId "2100940"]
[BlackFideId "19600097"]
[WhiteElo "2185"]
[BlackElo "1950"]
[Result "1-0"]
[Round "10"]
[TimeControl "180+2"]
[Date "2023.02.28"]
[WhiteClock "0:00:31"]
[BlackClock "0:01:03"]

1. d4 d5 2. Nf3 Nf6 3. c3 g6 4. Bg5 Bg7 5. Qc2 O-O 6. Nbd2 Bf5 7. Qb3 b6 8. e3 Nbd7 9. Bb5 c5 10. Bc6 c4 11. Qa3 Rc8 12. Bxd7 Qxd7 13. Ne5 Qc7 14. Bf4 Qb7 15. h3 Nd7 16. Qxe7 Rce8 17. Qd6 Re6 18. Qxd7 Qxd7 19. Nxd7 Rd8 20. Ne5 f6 21. Nef3 Bd3 22. Ng1 g5 23. Bg3 f5 24. O-O-O Rf8 25. Ngf3 f4 26. Nxg5 1-0


[Site "https://www.chess.com"]